 Dungeon Crawl Stone Soup version 0.19-a0-462-g6140235 (webtiles) character file.

207 Ordine the Sneak (level 5, 0/33 HPs)
             Began as an Octopode Transmuter on June 3, 2016.
             Slain by a jackal (2 damage)
             ... on level 5 of the Dungeon.
             The game lasted 00:07:19 (2729 turns).

Ordine the Sneak (Octopode Transmuter)              Turns: 2729, Time: 00:07:20

Health: 0/33       AC: -7    Str:  9    XL:     5   Next: 85%
Magic:  8/8        EV: 12    Int: 17    God:
Gold:   175        SH:  0    Dex: 12    Spells: 2 memorised, 1 level left

rFire  . . .     SeeInvis .       - Unarmed
rCold  . . .     Gourm    .     (no shield)
rNeg   . . .     Faith    .     (helmet restricted)
rPois  .         Spirit   .     (no amulet)
rElec  .         Dismiss  .     r - ring of stealth
rCorr  .         Reflect  .     (no ring)
SustAt .         Harm     .     (no ring)
MR     .....                    (no ring)
Stlth  +++++.....               (no ring)
                                (no ring)
                                (no ring)
                                (no ring)

@: corroded, not resistant to hostile enchantments, quite stealthy
A: almost no armour, amphibious, 8 rings, constrict 8, camouflage 1, gelatinous
body 1
a: no special abilities


You were on level 5 of the Dungeon.
You were hungry.

You visited 1 branch of the dungeon, and saw 5 of its levels.

You collected 175 gold pieces.

Inventory:

Armour
 m - a +0 buckler
Jewellery
 r - a ring of stealth (left tentacle)
Wands
 v - a wand of iceblast (6/15)
 w - a wand of flame (31/48)
Scrolls
 d - 4 scrolls of fog
 h - a scroll of fear
 k - a scroll of amnesia
 s - 2 scrolls of remove curse
 t - a scroll of immolation
Potions
 a - 2 potions of agility {unknown}
 e - a potion of ambrosia
 f - 2 potions of haste
 g - a potion of magic {unknown}
 i - a potion of lignification {unknown}
 l - a potion of flight {unknown}
 n - a potion of heal wounds {unknown}
 o - a potion of beneficial mutation {unknown}
 p - a potion of degeneration {unknown}
 u - a potion of berserk rage {unknown}
Books
 b - a book of Changes

   Spells                             Type                      Level
   a - Beastly Appendage              Transmutation                1
   b - Sticks to Snakes               Transmutation                2
   c - Spider Form                    Transmutation/Poison         3
   d - Ice Form                       Ice/Transmutation            4
   e - Blade Hands                    Transmutation                5
 j - a book of Clouds

   Spells                             Type                      Level
   a - Mephitic Cloud                 Conjuration/Poison/Air       3
   b - Conjure Flame                  Conjuration/Fire             3
   c - Poisonous Cloud                Conjuration/Poison/Air       6
   d - Freezing Cloud                 Conjuration/Ice/Air          6
   e - Ring of Flames                 Charms/Fire                  7
Comestibles
 c - 2 bread rations
 q - 2 meat rations
 x - a beef jerky


   Skills:
 - Level 1.0 Fighting
 - Level 2.0 Dodging
 + Level 4.8 Stealth
 - Level 3.0 Unarmed Combat
 - Level 2.0 Spellcasting
 * Level 4.1 Transmutations
 + Level 1.8 Ice Magic


You had one spell level left.
You knew the following spells:

 Your Spells              Type           Power        Failure   Level  Hunger
a - Spider Form           Tmut/Pois      #.........   24%         3    ###....
b - Ice Form              Ice/Tmut       ##......     71%         4    #####..


Dungeon Overview and Level Annotations

Branches:
Dungeon (5/15)
 Temple: D:4-7

Altars:
Dithmenos
Kikubaaqudgha
Trog
Yredelemnul


Innate Abilities, Weirdness & Mutations

You cannot wear most types of armour.
You are amphibious.
You can wear up to eight rings at the same time.
You can use your tentacles to constrict eight enemies at once.
Your skin changes colour to match your surroundings (Stealth+).
Your rubbery body absorbs attacks. (AC +1)


Message History

The jelly hits you.
You are splashed with acid!
The acid corrodes you!
The acid burns!
* * * LOW HITPOINT WARNING * * *
Your transformation has ended.
The jelly jiggles.
You hear a distant slurping noise.
A jackal comes into view.
The jackal barks!
The jackal bites you.
* * * LOW HITPOINT WARNING * * *
The jackal bites you.
* * * LOW HITPOINT WARNING * * *
Found a helmet.
A worker ant comes into view.
The jackal bites you.
* * * LOW HITPOINT WARNING * * *
The worker ant twitches its antennae in your direction.
The jackal pauses to sniff the ground.
The jackal bites you.
You die...

...........#
...........#######
.................#
.................#
.................#
....)......##...##
...##########...#
... #.Jh### ...
#...@.# ..(
.........+ #..
######...# ##.
#...# #. #...#
.a[.# ....# ..$.=.


You could see a jelly, a worker ant and a jackal.

Vanquished Creatures
  A scorpion (D:4)
  A hound (D:4)
  An orc priest (D:5)
  5 adders
  A worm (D:2)
  A dart slug (D:2)
  2 giant geckos
  5 giant cockroaches
  7 goblins
  6 hobgoblins
  5 kobolds
  A quokka (D:4)
  A ball python (D:4)
  3 bats
  7 giant newts
  5 rats
52 creatures vanquished.

Notes
Turn   | Place    | Note
--------------------------------------------------------------
     0 | D:1      | Ordine the Octopode Transmuter began the quest for the Orb.
     0 | D:1      | Reached XP level 1. HP: 13/13 MP: 3/3
   262 | D:1      | Reached skill level 1 in Stealth
   276 | D:1      | Reached XP level 2. HP: 18/18 MP: 5/5
   752 | D:1      | You fall through a shaft!
   778 | D:2      | Reached XP level 3. HP: 18/23 MP: 6/6
   783 | D:2      | Learned a level 3 spell: Spider Form
  1275 | D:2      | Found an ancient bone altar of Kikubaaqudgha.
  1380 | D:2      | Reached XP level 4. HP: 25/28 MP: 7/7
  1389 | D:2      | Learned a level 4 spell: Ice Form
  1641 | D:3      | Found a basalt altar of Yredelemnul.
  1967 | D:3      | Found a bloodstained altar of Trog.
  2204 | D:4      | Reached skill level 1 in Ice Magic
  2204 | D:4      | Reached XP level 5. HP: 26/33 MP: 8/8
  2324 | D:4      | Found a shadowy altar of Dithmenos.
  2658 | D:5      | Entered Level 5 of the Dungeon
  2729 | D:5      | Slain by a jackal

Vault maps used:
D:1:      matt_arrival_refuge
D:2:      overflow_temple_1_default, first_bread
D:3:      overflow_temple_1_default, overflow_temple_1_default
D:4:      nicolae_dithmenos_the_darkroom, hangedman_decor_opposing
D:5:      minmay_temple_entry_statues_pillars

Skill      XL: |  1  2  3  4  5 |
---------------+----------------+-----
Stealth        | 1 3 4 |  4.8
Transmutations | 3 4 |  4.1
Ice Magic      | 1 |  1.8
Fighting       | |  1.0
Dodging        | |  2.0
Unarmed Combat | |  3.0
Spellcasting   | |  2.0

Action                   |  1- 3 |  4- 6 || total
-------------------------+-------+-------++-------
Melee: Unarmed           |    58 |    67 ||   125
       Constrict         |    15 |    16 ||    31
       Tentacles         |    10 |    11 ||    21
       Punch             |     1 |     1 ||     2
 Cast: Spider Form       |       |     1 ||     1
  Use: Scroll            |     8 |     3 ||    11
 Stab: Sleeping          |     5 |    10 ||    15
       Distracted        |     1 |       ||     1
  Eat: Chunk             |     1 |     4 ||     5
Armor: Skin              |     7 |     4 ||    11
Dodge: Dodged            |    23 |    30 ||    53
